| TOP OF THE 1ST |
|
Indianapolis Indians batting - Pitching for Oklahoma City Dodgers : RHP Victor Torres
|
|
Pitching: RHP Victor Torres
|
|
|
Batting: RHB Jerry Escamilla
|
0-0: Ball 1-0: Ball 2-0: Foul Ball, location: 2F 2-1: SINGLE (Groundball, 56D, EV 95.6 MPH) (infield hit)
|
|
Batting: RHB Bubba Tierney
|
0-0: Called Strike 0-1: SINGLE (Flyball, 89S, EV 94.4 MPH) Jerry Escamilla to second Runner from 2nd tries for 3rd, SAFE, throw by CF made to third
|
|
Batting: LHB Alberto Figueroa
|
0-0: Swinging Strike 0-1: Grounds into double play, 4-6-3 (Groundball, 4, EV 102.5 MPH) Jerry Escamilla scores
|
|
Batting: LHB Edwin Aguilar
|
0-0: Foul Ball, location: 2F 0-1: Ball 1-1: Ground out 6-3 (Groundball, 4MS, EV 86.9 MPH)
|
| Top of the 1st over - 1 run, 2 hits, 0 errors, 0 left on base; Indianapolis 1 - Oklahoma City 0 |
| BOTTOM OF THE 1ST |
|
Oklahoma City Dodgers batting - Pitching for Indianapolis Indians : RHP Curt Campbell
|
|
Pitching: RHP Curt Campbell
|
|
|
Batting: RHB Curt Earnest
|
0-0: Ball 1-0: Ball 2-0: SINGLE (Line Drive, 8LS, EV 95.0 MPH)
|
|
Batting: RHB Theo Schepers
|
0-0: Ball 1-0: Foul Ball, location: 2F 1-1: Ball 2-1: Foul Ball, location: 2F 2-2: SINGLE (Groundball, 56D, EV 102.5 MPH) Curt Earnest to second
|
|
Batting: LHB Jose Robles
|
0-0: Ball 1-0: Ball 2-0: Ball 3-0: Base on Balls Curt Earnest to third Theo Schepers to second
|
|
Batting: LHB Steve Pond
|
0-0: Foul Ball, location: 2F 0-1: Ball 1-1: Fly out, F6 (Popup, 6MD, EV 60.6 MPH)
|
|
Batting: LHB Chris Fandino
|
0-0: Called Strike 0-1: Grounds into double play, 3-6-3 (Groundball, 3S, EV 80.6 MPH)
|
| Bottom of the 1st over - 0 runs, 2 hits, 0 errors, 2 left on base; Indianapolis 1 - Oklahoma City 0 |
| TOP OF THE 2ND |
|
Indianapolis Indians batting - Pitching for Oklahoma City Dodgers : RHP Victor Torres
|
|
Batting: RHB Chris Pozzi
|
0-0: Ball 1-0: Called Strike 1-1: Ball 2-1: Foul Ball, location: 2F 2-2: Foul Ball, location: 2F 2-2: Ball 3-2: Foul Ball, location: 2F 3-2: Ground out 3-1 (Groundball, 34, EV 100.0 MPH)
|
|
Batting: RHB Adam Kaeser
|
0-0: Ground out 6-3 (Groundball, 6M, EV 106.2 MPH)
|
|
Batting: RHB Caleb Russell
|
0-0: Called Strike 0-1: Swinging Strike 0-2: Ball 1-2: Ball 2-2: Ball 3-2: Foul Ball, location: 2F 3-2: Ground out 6-3 (Groundball, 6, EV 89.4 MPH)
|
| Top of the 2nd over - 0 runs, 0 hits, 0 errors, 0 left on base; Indianapolis 1 - Oklahoma City 0 |
| BOTTOM OF THE 2ND |
|
Oklahoma City Dodgers batting - Pitching for Indianapolis Indians : RHP Curt Campbell
|
|
Batting: RHB Wing-kit Bu
|
0-0: Called Strike 0-1: Swinging Strike 0-2: Fly out, F3 (Line Drive, 3L, EV 73.8 MPH)
|
|
Batting: RHB T.J. Jordan
|
0-0: SINGLE (Flyball, 78S, EV 86.2 MPH)
|
|
Batting: LHB Chris Raymond
|
0-0: Called Strike 0-1: Called Strike 0-2: Strikes out swinging
|
|
Batting: LHB Darrell Ortega
|
0-0: Swinging Strike 0-1: Foul Ball, location: 2F 0-2: Strikes out swinging
|
| Bottom of the 2nd over - 0 runs, 1 hit, 0 errors, 1 left on base; Indianapolis 1 - Oklahoma City 0 |
| TOP OF THE 3RD |
|
Indianapolis Indians batting - Pitching for Oklahoma City Dodgers : RHP Victor Torres
|
|
Batting: RHB Luis Ramos
|
0-0: Called Strike 0-1: Ground out 6-3 (Groundball, 6, EV 104.4 MPH)
|
|
Batting: RHB Isaiah Yarbrough
|
0-0: Swinging Strike 0-1: Ball 1-1: Ground out 6-3 (Groundball, 6, EV 85.6 MPH)
|
|
Batting: RHB Jerry Escamilla
|
0-0: SINGLE (Groundball, 4MD, EV 99.4 MPH)
|
|
Batting: RHB Bubba Tierney
|
0-0: Ball 1-0: Foul Ball, location: 2F 1-1: Called Strike Jerry Escamilla steals 2nd base 1-2: Fly out, F6 (Line Drive, 6, EV 69.4 MPH)
|
| Top of the 3rd over - 0 runs, 1 hit, 0 errors, 1 left on base; Indianapolis 1 - Oklahoma City 0 |
| BOTTOM OF THE 3RD |
|
Oklahoma City Dodgers batting - Pitching for Indianapolis Indians : RHP Curt Campbell
|
|
Batting: RHB Curt Earnest
|
0-0: Foul Ball, location: 2F 0-1: Foul Ball, location: 2F 0-2: Fly out, F8 (Flyball, 8RD, EV 102.5 MPH)
|
|
Batting: RHB Theo Schepers
|
0-0: Called Strike 0-1: Foul Ball, location: 2F 0-2: Strikes out swinging
|
|
Batting: LHB Jose Robles
|
0-0: Ball 1-0: Ball 2-0: Ball 3-0: Base on Balls
|
|
Batting: LHB Steve Pond
|
0-0: Ball 1-0: Ball 2-0: Foul Ball, location: 2F 2-1: Ball 3-1: Base on Balls Jose Robles to second
|
|
Batting: LHB Chris Fandino
|
0-0: Fly out, F8 (Flyball, 8RD, EV 88.8 MPH)
|
| Bottom of the 3rd over - 0 runs, 0 hits, 0 errors, 2 left on base; Indianapolis 1 - Oklahoma City 0 |
| TOP OF THE 4TH |
|
Indianapolis Indians batting - Pitching for Oklahoma City Dodgers : RHP Victor Torres
|
|
Batting: LHB Alberto Figueroa
|
0-0: Called Strike 0-1: Reached on error, E3 (Groundball, 34S, EV 82.5 MPH)
|
|
Batting: LHB Edwin Aguilar
|
0-0: Called Strike 0-1: Ground out U3 (Groundball, 34, EV 104.4 MPH) Alberto Figueroa to third
|
|
Batting: RHB Chris Pozzi
|
0-0: Ball 1-0: Ball 2-0: Swinging Strike 2-1: Foul Ball, location: 2F 2-2: Fly out, F7 (Flyball, 7, EV 79.4 MPH)
|
|
Batting: RHB Adam Kaeser
|
0-0: Ball 1-0: Called Strike 1-1: Ball 2-1: Ground out 6-3 (Groundball, 6MS, EV 83.1 MPH)
|
| Top of the 4th over - 0 runs, 0 hits, 1 error, 1 left on base; Indianapolis 1 - Oklahoma City 0 |
| BOTTOM OF THE 4TH |
|
Oklahoma City Dodgers batting - Pitching for Indianapolis Indians : RHP Curt Campbell
|
|
Batting: RHB Wing-kit Bu
|
0-0: Ball 1-0: SINGLE (Groundball, 3S, EV 70.0 MPH) (infield hit)
|
|
Batting: RHB T.J. Jordan
|
0-0: Called Strike 0-1: Ball 1-1: Ball Wing-kit Bu steals 2nd base 2-1: Swinging Strike 2-2: Ball 3-2: SINGLE (Groundball, 56D, EV 105.6 MPH) Wing-kit Bu to third
|
|
Batting: LHB Chris Raymond
|
0-0: Ball 1-0: Swinging Strike 1-1: Foul Ball, location: 2F 1-2: Foul Ball, location: 2F 1-2: Grounds into double play, 3-6-3 (Groundball, 34, EV 108.8 MPH) Wing-kit Bu scores
|
|
Batting: LHB Darrell Ortega
|
0-0: Called Strike 0-1: Ground out 6-3 (Groundball, 6S, EV 76.2 MPH)
|
| Bottom of the 4th over - 1 run, 2 hits, 0 errors, 0 left on base; Indianapolis 1 - Oklahoma City 1 |
| TOP OF THE 5TH |
|
Indianapolis Indians batting - Pitching for Oklahoma City Dodgers : RHP Victor Torres
|
|
Batting: RHB Caleb Russell
|
0-0: Ball 1-0: Called Strike 1-1: Ball 2-1: Called Strike 2-2: SINGLE (Line Drive, 34D, EV 96.2 MPH)
|
|
Batting: RHB Luis Ramos
|
0-0: Ball 1-0: Swinging Strike 1-1: Called Strike 1-2: Foul Ball, location: 2F 1-2: Ground out 5-3 (Groundball, 56, EV 82.5 MPH) Caleb Russell to second
|
|
Batting: RHB Isaiah Yarbrough
|
0-0: Called Strike 0-1: Foul Ball, location: 2F 0-2: Ball 1-2: Ball 2-2: Fly out, F9 (Flyball, 89D, EV 100.0 MPH) Runner from 2nd tags up, SAFE at 3rd, no throw by RF
|
|
Batting: RHB Jerry Escamilla
|
0-0: Ball 1-0: Ball 2-0: Foul Ball, location: 2F 2-1: Foul Ball, location: 2F 2-2: Ground out 4-3 (Groundball, 4, EV 102.5 MPH)
|
| Top of the 5th over - 0 runs, 1 hit, 0 errors, 1 left on base; Indianapolis 1 - Oklahoma City 1 |
| BOTTOM OF THE 5TH |
|
Oklahoma City Dodgers batting - Pitching for Indianapolis Indians : RHP Curt Campbell
|
|
Batting: RHB Curt Earnest
|
0-0: Ball 1-0: Ball 2-0: DOUBLE (Line Drive, 5D, EV 102.5 MPH)
|
|
Batting: RHB Theo Schepers
|
0-0: Called Strike 0-1: Ball 1-1: Swinging Strike 1-2: Ball 2-2: Foul Ball, location: 2F 2-2: Ground out 4-3 (Groundball, 4, EV 87.5 MPH) Curt Earnest to third
|
|
Batting: LHB Jose Robles
|
0-0: Called Strike 0-1: Swinging Strike 0-2: Strikes out swinging
|
|
Batting: LHB Steve Pond
|
0-0: Called Strike 0-1: DOUBLE (Line Drive, 7LS, EV 93.1 MPH) Curt Earnest scores
|
|
Batting: LHB Chris Fandino
|
0-0: SINGLE (Groundball, 56D, EV 94.4 MPH) Steve Pond to third Runner from 3rd tries for Home, SAFE, throw by LF to home
|
|
Batting: RHB Wing-kit Bu
|
0-0: Ball 1-0: Ball 2-0: Called Strike 2-1: Foul Ball, location: 2F 2-2: TRIPLE (Flyball, 8RXD, EV 111.2 MPH) Chris Fandino scores
|
|
Batting: RHB T.J. Jordan
|
0-0: Called Strike 0-1: Ball 1-1: SINGLE (Flyball, 4MD, EV 96.2 MPH) Wing-kit Bu scores
|
|
Pitching: RHP Mitch Ingerson
|
|
|
Batting: LHB Chris Raymond
|
0-0: Foul Ball, location: 2F 0-1: Swinging Strike 0-2: Ball 1-2: Foul Ball, location: 2F 1-2: Ball 2-2: Ball 3-2: Strikes out swinging
|
| Bottom of the 5th over - 4 runs, 5 hits, 0 errors, 1 left on base; Indianapolis 1 - Oklahoma City 5 |
| TOP OF THE 6TH |
|
Indianapolis Indians batting - Pitching for Oklahoma City Dodgers : RHP Victor Torres
|
|
Batting: RHB Bubba Tierney
|
0-0: Ball 1-0: Swinging Strike 1-1: Foul Ball, location: 2F 1-2: Foul Ball, location: 2F 1-2: Ball 2-2: DOUBLE (Popup, 56D, EV 46.9 MPH)
|
|
Batting: LHB Alberto Figueroa
|
0-0: Called Strike 0-1: Ground out 4-3 (Groundball, 4, EV 83.8 MPH) Bubba Tierney to third
|
|
Batting: LHB Edwin Aguilar
|
0-0: Called Strike 0-1: Foul Ball, location: 2F 0-2: Foul Ball, location: 2F 0-2: Foul Ball, location: 2F 0-2: Fly out, F9 (Flyball, 9S, EV 83.8 MPH)
|
|
Batting: RHB Chris Pozzi
|
0-0: Ball 1-0: Ball 2-0: Swinging Strike 2-1: Called Strike 2-2: Strikes out swinging
|
| Top of the 6th over - 0 runs, 1 hit, 0 errors, 1 left on base; Indianapolis 1 - Oklahoma City 5 |
| BOTTOM OF THE 6TH |
|
Oklahoma City Dodgers batting - Pitching for Indianapolis Indians : RHP Mitch Ingerson
|
|
Batting: LHB Darrell Ortega
|
0-0: Foul Ball, location: 2F 0-1: Foul Ball, location: 2F 0-2: Ball 1-2: Ground out U3 (Groundball, 34, EV 102.5 MPH)
|
|
Batting: RHB Curt Earnest
|
0-0: Swinging Strike 0-1: Called Strike 0-2: Ball 1-2: TRIPLE (Line Drive, 9LD, EV 105.0 MPH)
|
|
Batting: RHB Theo Schepers
|
0-0: Ball 1-0: Foul Ball, location: 2F 1-1: Ball 2-1: Foul Ball, location: 2F 2-2: Strikes out swinging
|
|
Batting: LHB Jose Robles
|
0-0: Ball 1-0: Called Strike 1-1: Ball 2-1: Swinging Strike 2-2: Ball 3-2: Base on Balls
|
|
Batting: LHB Steve Pond
|
0-0: Foul Ball, location: 2F 0-1: Ball 1-1: Ball 2-1: Called Strike 2-2: Foul Ball, location: 2F 2-2: Fly out, F9 (Flyball, 89D, EV 98.8 MPH)
|
| Bottom of the 6th over - 0 runs, 1 hit, 0 errors, 2 left on base; Indianapolis 1 - Oklahoma City 5 |
| TOP OF THE 7TH |
|
Indianapolis Indians batting - Pitching for Oklahoma City Dodgers : RHP Victor Torres
|
|
Batting: RHB Adam Kaeser
|
0-0: Ball 1-0: Foul Ball, location: 2F 1-1: Foul Ball, location: 2F 1-2: Ball 2-2: Fly out, F7 (Line Drive, 7, EV 105.6 MPH)
|
|
Batting: RHB Caleb Russell
|
0-0: Ball 1-0: Ball 2-0: Foul Ball, location: 2F 2-1: Swinging Strike 2-2: Fly out, F4 (Line Drive, 4, EV 66.9 MPH)
|
|
Batting: RHB Luis Ramos
|
0-0: Ball 1-0: Ball 2-0: Ground out 5-3 (Groundball, 5, EV 86.2 MPH)
|
| Top of the 7th over - 0 runs, 0 hits, 0 errors, 0 left on base; Indianapolis 1 - Oklahoma City 5 |
| BOTTOM OF THE 7TH |
|
Oklahoma City Dodgers batting - Pitching for Indianapolis Indians : RHP Mitch Ingerson
|
|
Pitching: RHP Mario Medrano
|
|
|
Batting: LHB Chris Fandino
|
0-0: Ball 1-0: Called Strike 1-1: Foul Ball, location: 2F 1-2: Ball 2-2: Ground out 1-3 (Groundball, 15S, EV 63.8 MPH)
|
|
Batting: RHB Wing-kit Bu
|
0-0: Fly out, F8 (Flyball, 89D, EV 90.0 MPH)
|
|
Batting: RHB T.J. Jordan
|
0-0: Ball 1-0: Ground out 5-3 (Groundball, 56, EV 88.8 MPH)
|
| Bottom of the 7th over - 0 runs, 0 hits, 0 errors, 0 left on base; Indianapolis 1 - Oklahoma City 5 |
| TOP OF THE 8TH |
|
Indianapolis Indians batting - Pitching for Oklahoma City Dodgers : RHP Victor Torres
|
|
Pitching: LHP J.P. Blair
|
|
|
Batting: RHB Isaiah Yarbrough
|
0-0: Called Strike 0-1: Ball 1-1: Foul Ball, location: 2F 1-2: Fly out, F1 (Popup, 15, EV 90.6 MPH)
|
|
Batting: RHB Jerry Escamilla
|
0-0: Swinging Strike 0-1: Ball 1-1: Foul Ball, location: 2F 1-2: Ball 2-2: Strikes out swinging
|
|
Batting: RHB Bubba Tierney
|
0-0: Called Strike 0-1: Ball 1-1: Ball 2-1: SINGLE (Groundball, 6MS, EV 70.0 MPH) (infield hit)
|
|
Batting: LHB Alberto Figueroa
|
0-0: Called Strike 0-1: SINGLE (Flyball, 3D, EV 93.8 MPH) Bubba Tierney to second Runner from 2nd tries for 3rd, SAFE, throw by RF made to third
|
|
Batting: LHB Edwin Aguilar
|
0-0: Ball 1-0: Ground out U3 (Groundball, 3, EV 85.6 MPH)
|
| Top of the 8th over - 0 runs, 2 hits, 0 errors, 2 left on base; Indianapolis 1 - Oklahoma City 5 |
| BOTTOM OF THE 8TH |
|
Oklahoma City Dodgers batting - Pitching for Indianapolis Indians : RHP Mario Medrano
|
|
Batting: LHB Chris Raymond
|
0-0: Ball 1-0: Ball 2-0: Ball 3-0: Called Strike 3-1: Fly out, F7 (Flyball, 7LD, EV 83.8 MPH)
|
|
Batting: LHB Darrell Ortega
|
0-0: SINGLE (Groundball, 34D, EV 100.6 MPH)
|
|
Batting: RHB Curt Earnest
|
0-0: Ball 1-0: Ball 2-0: Called Strike 2-1: Fly out, F5 (Popup, 5SF, EV 76.9 MPH)
|
|
Batting: RHB Theo Schepers
|
0-0: Called Strike 0-1: Called Strike 0-2: Strikes out swinging
|
| Bottom of the 8th over - 0 runs, 1 hit, 0 errors, 1 left on base; Indianapolis 1 - Oklahoma City 5 |
| TOP OF THE 9TH |
|
Indianapolis Indians batting - Pitching for Oklahoma City Dodgers : LHP J.P. Blair
|
|
Pitching: RHP Takashi Kashiwabara
|
|
|
Batting: RHB Chris Pozzi
|
0-0: Swinging Strike 0-1: Ball 1-1: Foul Ball, location: 2F 1-2: Ball 2-2: Strikes out swinging
|
|
Batting: RHB Adam Kaeser
|
0-0: Called Strike 0-1: Ball 1-1: Ball 2-1: Foul Ball, location: 2F 2-2: Ground out 4-3 (Groundball, 4, EV 105.6 MPH)
|
|
Batting: RHB Caleb Russell
|
0-0: Ball 1-0: SINGLE (Line Drive, 8RS, EV 102.5 MPH)
|
|
Batting: RHB Luis Ramos
|
0-0: Foul Ball, location: 2F 0-1: Called Strike 0-2: Ball 1-2: Ball 2-2: Strikes out swinging
|
| Top of the 9th over - 0 runs, 1 hit, 0 errors, 1 left on base; Indianapolis 1 - Oklahoma City 5 |
|